[Event "Early-Titled-Tuesday-Blitz-September-05-2023"]
[Site "Chess.com"]
[Date "2023.09.05"]
[Round "5"]
[White "Good_Knight_Kiss"]
[Black "PawnEatingZombie"]
[Result "1-0"]
[WhiteElo "2344"]
[BlackElo "2051"]
[TimeControl "180+1"]
[EndTime "8:54:05 PDT"]
[Termination "Good_Knight_Kiss won on time"]

1. e4 Nf6 2. e5 Nd5 3. d4 d6 4. c4 Nb6 5. exd6 exd6 6. Nc3 Be7 7. Nf3 Bg4 8. Be2 Nc6 9. b3 Bf6 10. Be3 O-O 11. O-O Re8 12. h3 Bh5 13. Rc1 a5 14. c5 dxc5 15. dxc5 Nd7 16. g4 Bg6 17. Nd5 h6 18. Qd2 Nb4 19. Nxb4 axb4 20. Rfd1 Ne5 21. Qxb4 Qc8 22. Nxe5 Bxe5 23. a4 h5 24. Bf3 c6 25.
gxh5 Bf5 26. Bg4 Rb8 27. Bxf5 Qxf5 28. Qg4 Qf6 29. Rd7 Rbd8 30. Rcd1 Rxd7 31. Rxd7 1-0

[Event "Early-Titled-Tuesday-Blitz-September-05-2023"]
[Site "Chess.com"]
[Date "2023.09.05"]
[Round "5"]
[White "econpower"]
[Black "CrushingKings"]
[Result "1-0"]
[WhiteElo "2735"]
[BlackElo "2552"]
[TimeControl "180+1"]
[EndTime "8:54:07 PDT"]
[Termination "econpower won by resignation"]

1. d4 g6 2. c4 Bg7 3. Nf3 d6 4. Nc3 Nf6 5. e4 O-O 6. Be2 e5 7. O-O Nc6 8. d5 Ne7 9. Nd2 Ne8 10. b4 f5 11. a4 Nf6 12. c5 fxe4 13. Ndxe4 Nxe4 14. Nxe4 h6 15. cxd6 cxd6 16. a5 Nf5 17. Ba3 Bd7 18. b5 Be8 19. a6 Qb6 20. axb7 Rb8 21.
Bb4 Rxb7 22. Ra6 Qd4 23. Nxd6 Qxb4 24. Nxb7 e4 25. d6 Bd4 26. Ra4 Qb2 27. g4 Bxb5 28.
Bxb5 Qxb5 29. gxf5 Bb6 30. Ra3 Qxf5 31. Rg3 Bxf2+ 32.
Kg2 e3 33. Qf3 Qd3 34. Qg4 Qd5+ 35. Kh3 Bxg3 36. Qxg6+ 1-0

[Event "Early-Titled-Tuesday-Blitz-September-05-2023"]
[Site "Chess.com"]
[Date "2023.09.05"]
[Round "5"]
[White "vishwa_vijeta"]
[Black "KNVB"]
[Result "1-0"]
[WhiteElo "2526"]
[BlackElo "2770"]
[TimeControl "180+1"]
[EndTime "8:54:09 PDT"]
[Termination "vishwa_vijeta won by checkmate"]

1. e4 b6 2. Nf3 Bb7 3. Nc3 e6 4. d4 Bb4 5. Bd3 Nf6 6. e5 Ne4 7.
Bd2 Bxc3 8. bxc3 f5 9. exf6 Qxf6 10. O-O O-O 11. Re1 Nxd2 12. Qxd2 Bxf3 13. gxf3 Qxf3 14.
Be4 Qg4+ 15. Kh1 d5 16. Bg2 Nd7 17. Qe3 Rae8 18. Bh3 Qg6 19. Bxe6+ Kh8 20. f4 Qxc2 21. f5 Nf6 22. Qg3 Re7 23. Qf3 Ne4 24. Bxd5 Nf2+ 25.
Kg1 Rxe1+ 26. Rxe1 Nd3 27. Re7 Qxc3 28. Qe3 Qa5 29. f6 gxf6 30. Qh6 Qe1+ 31. Rxe1 Rg8+ 32. Bxg8 Kxg8 33. Re8+ Kf7 34. Rf8+ Ke7 35. Qxf6+ Kd7 36. Rd8# 1-0

[Event "Early-Titled-Tuesday-Blitz-September-05-2023"]
[Site "Chess.com"]
[Date "2023.09.05"]
[Round "5"]
[White "fmAguilar1"]
[Black "miraitrunks"]
[Result "1-0"]
[WhiteElo "2337"]
[BlackElo "2016"]
[TimeControl "180+1"]
[EndTime "8:54:09 PDT"]
[Termination "fmAguilar1 won on time"]

1. e4 c5 2. Nf3 e6 3. d4 cxd4 4. Nxd4 Nc6 5. Nc3 Nf6 6. Ndb5 d6 7. Bg5 a6 8. Nd4 Be7 9. Nb3 O-O 10. Bd3 b5 11. O-O b4 12. Ne2 Ne5 13. Bf4 Bb7 14. f3 Rc8 15. Kh1 Nh5 16. Be3 d5 17. exd5 Bxd5 18.
Bxa6 Ra8 19. Bd3 Bd6 20. Bf2 Qg5 21. Ng3 Nf4 22. Be4 Bxe4 23. fxe4 Rfd8 24. Be3 Ng4 25. Qf3 Qh4 26. Bg1 Ng6 27. h3 N6e5 28. Qf4 g5 29.
Nf5 exf5 30. Qxf5 Nf3 31. Qxf3 Ne5 32. Qf5 f6 33. Nd4 1-0

[Event "Early-Titled-Tuesday-Blitz-September-05-2023"]
[Site "Chess.com"]
[Date "2023.09.05"]
[Round "5"]
[White "only_strong_moves"]
[Black "stepanosinovsky"]
[Result "1-0"]
[WhiteElo "2529"]
[BlackElo "2309"]
[TimeControl "180+1"]
[EndTime "8:54:11 PDT"]
[Termination "only_strong_moves won on time"]

1. d4 Nf6 2. Nc3 d6 3. e4 g6 4. f4 c6 5. Nf3 b5 6. Bd3 b4 7. Ne2 Nbd7 8. O-O Bb7 9. e5 Nd5 10. c4 bxc3 11. bxc3 Bg7 12. Rb1 Rb8 13. c4 N5b6 14.
Ba3 c5 15. d5 dxe5 16. fxe5 Nxe5 17. Nxe5 Bxe5 18. Bxc5 Bxh2+ 19. Kxh2 Qc7+ 20. d6 Qxc5 21. dxe7 Qxe7 22. c5 Qxc5 23. Bb5+ Kf8 24. Nf4 Kg7 25.
Qb3 Nd5 26. Bc4 Qd6 27. Bxd5 Ba6 28. Qc3+ f6 29. Qg3 Rxb1 30. Nh5+ Kh6 31. Qxd6 Bxf1 32.
Qf4+ g5 33. Qxf6+ Kxh5 34. Bf3+ g4 35. Be4 g3+ 36. Kh3 1-0

[Event "Early-Titled-Tuesday-Blitz-September-05-2023"]
[Site "Chess.com"]
[Date "2023.09.05"]
[Round "5"]
[White "C_K_G"]
[Black "MarijaKuznecova"]
[Result "0-1"]
[WhiteElo "2073"]
[BlackElo "2385"]
[TimeControl "180+1"]
[EndTime "8:54:11 PDT"]
[Termination "MarijaKuznecova won by resignation"]

1. e4 c5 2. Nf3 d6 3. d4 cxd4 4. Nxd4 Nf6 5. Nc3 a6 6. Be2 e5 7. Nb3 Be7 8. Be3 Be6 9. O-O O-O 10. f4 Nbd7 11. f5 Bxb3 12. cxb3 b5 13. Bf3 h6 14. g4 Nh7 15. Rf2 Bg5 16. Qd2 Nc5 17.
Nd5 Bh4 18. Rg2 Ng5 19. Bxg5 Bxg5 20. Qd3 Nxd3 21. Rd1 Nf4 22. Nxf4 Bxf4 23. g5 Bxg5 24. Bh5 Kh8 25. Kh1 Bf4 26. Rdg1 Qh4 27.
Bg4 f6 28. Rf1 Rac8 29. a4 bxa4 30. bxa4 Rc4 31. b3 Rxe4 32. Bf3 Re3 33. Bd5 Rc8 34. Rfg1 Rh3 0-1

[Event "Early-Titled-Tuesday-Blitz-September-05-2023"]
[Site "Chess.com"]
[Date "2023.09.05"]
[Round "5"]
[White "PetrolulSah"]
[Black "ElenaPershina"]
[Result "1-0"]
[WhiteElo "2135"]
[BlackElo "2314"]
[TimeControl "180+1"]
[EndTime "8:54:11 PDT"]
[Termination "PetrolulSah won on time"]

1. d4 d5 2. c4 c6 3. cxd5 cxd5 4. Bf4 Nf6 5. Nc3 Nc6 6. e3 a6 7. Bd3 Bg4 8. Nge2 e6 9. O-O Bd6 10. Qd2 O-O 11. Bxd6 Qxd6 12. Na4 Qb4 13. Nec3 e5 14. a3 Qd6 15. Nc5 b6 16. Nxa6 exd4 17. exd4 Nxd4 18. Nb4 Nb3 19. Qg5 Nxa1 20. Rxa1 d4 21. Ncd5 Nxd5 22.
Nxd5 f5 23. Ne7+ Kh8 24. h3 Rae8 25. Re1 Bd1 26. Rxd1 Rxe7 27. Bxf5 1-0

[Event "Early-Titled-Tuesday-Blitz-September-05-2023"]
[Site "Chess.com"]
[Date "2023.09.05"]
[Round "5"]
[White "wannabe2700"]
[Black "LuisFSiles"]
[Result "1-0"]
[WhiteElo "2621"]
[BlackElo "2358"]
[TimeControl "180+1"]
[EndTime "8:54:12 PDT"]
[Termination "wannabe2700 won by resignation"]

1. b4 d5 2. Bb2 Qd6 3. a3 e5 4. Nf3 Nd7 5. e3 Ngf6 6. c4 c6 7. cxd5 cxd5 8. Nc3 a6 9. Rc1 Be7 10. Na4 O-O 11. Qc2 e4 12. Nd4 Ne5 13. Qc7 Bd7 14.
Qxd6 Bxd6 15. Nb6 Rad8 16. Be2 Bg4 17. f3 exf3 18. gxf3 Bh5 19. f4 Ned7 20. Nxd5 Nxd5 21. Bxh5 N7f6 22. Bf3 Rfe8 23. O-O Ne4 24. Rc2 Bb8 25. Nf5 Ba7 26. Bxg7 Bxe3+ 27. dxe3 Nxe3 28. Nxe3 Kxg7 29. Re1 Nf6 30. Nf5+ Kf8 31. Rxe8+ Kxe8 32. Rc7 Rd3 33. Kf2 Nd5 34. Bxd5 Rxd5 35. Ne3 Rd2+ 36. Kf3 Rxh2 37. Rxb7 h5 38. Ra7 Rh3+ 39. Ke4 h4 40. Rxa6 Rh1 41. Rh6 Kf8 42. a4 1-0

[Event "Early-Titled-Tuesday-Blitz-September-05-2023"]
[Site "Chess.com"]
[Date "2023.09.05"]
[Round "5"]
[White "tk22h"]
[Black "knightinshiningarmour16"]
[Result "0-1"]
[WhiteElo "2378"]
[BlackElo "2124"]
[TimeControl "180+1"]
[EndTime "8:54:12 PDT"]
[Termination "knightinshiningarmour16 won by resignation"]

1. d4 Nf6 2. Nf3 d5 3. c4 c6 4. e3 Bg4 5. h3 Bf5 6. Nc3 e6 7.
Bd3 Bxd3 8. Qxd3 Nbd7 9. O-O Bd6 10. e4 dxe4 11. Nxe4 Nxe4 12. Qxe4 Nf6 13. Qh4 Be7 14. Bg5 O-O 15. Rad1 Re8 16. Rd3 h6 17. Bxf6 Bxf6 18.
Qe4 Qb6 19. b3 Rad8 20. Rfd1 Re7 21. Ne5 Bxe5 22. dxe5 Ree8 23. Rd6 Rxd6 24. exd6 Rd8 25. Qe5 c5 26. Rd3 Qc6 27. Rg3 g6 28. Rd3 b6 29. h4 h5 30. Qf4 Rd7 31. Qe5 Qc8 32. Rg3 Kh7 33. Rd3 Qd8 34. Qf4 Kg8 35. Qe5 Kh7 36. Qf4 Kg8 37. Qe5 Qxh4 38. Rg3 Qd8 39. Qxh5 Rxd6 40. Qe5 Rd1+ 41. Kh2 Qd6 42. Qe4 Rd4 43.
Qa8+ Kg7 44. Qf3 Rh4+ 45. Kg1 Qd4 46. a4 Qa1+ 0-1

[Event "Early-Titled-Tuesday-Blitz-September-05-2023"]
[Site "Chess.com"]
[Date "2023.09.05"]
[Round "5"]
[White "ContrVersia"]
[Black "FARIZA2018"]
[Result "1-0"]
[WhiteElo "2911"]
[BlackElo "2521"]
[TimeControl "180+1"]
[EndTime "8:54:13 PDT"]
[Termination "ContrVersia won by resignation"]

1. Nf3 Nf6 2. c4 e6 3. g3 d5 4. Bg2 dxc4 5. O-O a6 6. a4 Nbd7 7. Qc2 c5 8. a5 Be7 9. Qxc4 O-O 10. Nc3 Rb8 11. d3 b5 12. axb6 Nxb6 13. Qa2 Bb7 14. Bf4 Rc8 15. Rfc1 Nfd5 16. Bd2 Nb4 17. Qb1 c4 18. Na4 cxd3 19. Rxc8 Nxc8 20. Bxb4 Bxb4 21. exd3 Nd6 22. Qc2 Nf5 23. Qc4 Be7 24. Ne5 Bxg2 25.
Kxg2 Qb8 26. Nc6 Qb7 27. Kg1 Bf6 28. Rc1 Rc8 29. g4 Nd6 30. Qc5 Qc7 31. Nb6 Rb8 32. Nxb8 Qxb8 33. Nd7 1-0

[Event "Early-Titled-Tuesday-Blitz-September-05-2023"]
[Site "Chess.com"]
[Date "2023.09.05"]
[Round "5"]
[White "Zheenbekov86"]
[Black "ashwanitiwari"]
[Result "0-1"]
[WhiteElo "2379"]
[BlackElo "2267"]
[TimeControl "180+1"]
[EndTime "8:54:13 PDT"]
[Termination "ashwanitiwari won on time"]

1. e4 c5 2. Nf3 Nc6 3. d4 cxd4 4. Nxd4 g6 5. g3 Bg7 6. Ne2 Nf6 7. Bg2 O-O 8. O-O d6 9. Nbc3 a5 10. h3 a4 11. Nd5 a3 12. Rb1 axb2 13. Bxb2 Rxa2 14. Nxf6+ Bxf6 15. Bxf6 exf6 16. Nc3 Ra5 17. Qd2 f5 18. Rfd1 fxe4 19. Nxe4 d5 20. Qf4 Qe7 21. Nf6+ Kg7 22. Nxd5 Qe5 23. Qxe5+ Nxe5 24. Ne7 Be6 25. Rxb7 Ra2 26. f4 Nc4 27. Re1 Rxc2 28. g4 Nd6 29. Ra7 Rb8 30. Rxe6 Rb1+ 31. Kh2 fxe6 32. Nf5+ Kg8 33.
Ra8+ Kf7 34. Nxd6+ Ke7 35. Ne4 Rbb2 36. Ra7+ Kd8 37.
Kg3 Rxg2+ 38. Kh4 Rbe2 39. Ng5 h5 40. Nf7+ Kc8 0-1

[Event "Early-Titled-Tuesday-Blitz-September-05-2023"]
[Site "Chess.com"]
[Date "2023.09.05"]
[Round "5"]
[White "Aanna12"]
[Black "EvgenyBurmakin"]
[Result "1-0"]
[WhiteElo "2037"]
[BlackElo "2270"]
[TimeControl "180+1"]
[EndTime "8:54:13 PDT"]
[Termination "Aanna12 won on time"]

1. e4 c5 2. Nc3 Nc6 3. Bb5 Nd4 4.
Nf3 Nxb5 5. Nxb5 a6 6. Nc3 d6 7. d4 cxd4 8. Qxd4 Nf6 9. Bg5 e6 10. O-O-O Be7 11. e5 dxe5 12. Qxe5 Qb6 13. Be3 Qc6 14.
Qg3 O-O 15. Ne5 Qe8 16. h4 Nd5 17. Bh6 Bf6 18. Ne4 Qe7 19. Bg5 Kh8 20. Ng4 Bxg5+ 21. hxg5 f5 22. Qh4 g6 23. Ngf6 Nxf6 24. Nxf6 Rf7 25. Nxh7 Rxh7 26. Rd8+ 1-0

[Event "Early-Titled-Tuesday-Blitz-September-05-2023"]
[Site "Chess.com"]
[Date "2023.09.05"]
[Round "5"]
[White "ChessQueen"]
[Black "1stSecond"]
[Result "1-0"]
[WhiteElo "2764"]
[BlackElo "2920"]
[TimeControl "180+1"]
[EndTime "8:54:14 PDT"]
[Termination "ChessQueen won on time"]

1. e4 e5 2. Nf3 Nc6 3. Bc4 Bc5 4. d3 d6 5. a4 Nf6 6. a5 a6 7. c3 Ba7 8. O-O h6 9. Re1 O-O 10. Be3 Be6 11. Bxe6 fxe6 12. Bxa7 Rxa7 13. d4 Nd7 14.
Nbd2 Qf6 15. Nc4 Kh7 16. Qd3 Raa8 17. h3 Rae8 18. Rab1 Kh8 19. b4 exd4 20. cxd4 e5 21. d5 Nd4 22. Re3 h5 23. Rb2 Nb5 24. Ncd2 g5 25.
Nf1 g4 26. hxg4 hxg4 27. N3h2 Qf4 28. Rg3 Nf6 29. f3 Rg8 30. Rf2 Ref8 31. fxg4 Qxe4 32. Qd2 Qg6 33. Rh3+ Kg7 34. Ng3 Ne4 35. Nxe4 Rxf2 36.
Nxf2 Nd4 37. Rh5 Kf7 38. Nf1 Ke7 39. Ng3 Rf8 40. Nge4 1-0

[Event "Early-Titled-Tuesday-Blitz-September-05-2023"]
[Site "Chess.com"]
[Date "2023.09.05"]
[Round "5"]
[White "Karttunen"]
[Black "RIPOL"]
[Result "1-0"]
[WhiteElo "2585"]
[BlackElo "2412"]
[TimeControl "180+1"]
[EndTime "8:54:14 PDT"]
[Termination "Karttunen won by checkmate"]

1. e4 e6 2. d4 d5 3. Nc3 Nf6 4. e5 Nfd7 5. f4 c5 6. Nf3 Nc6 7. Be3 Be7 8. Qd2 O-O 9. Bd3 c4 10. Be2 b5 11. Nd1 b4 12. O-O Nb6 13. Qe1 a5 14. Qg3 Ba6 15. f5 exf5 16. Bh6 g6 17.
Bxf8 Qxf8 18. c3 Na4 19. Kh1 Qh6 20. Qe1 Bc8 21. Rf2 Be6 22. Bf1 Rb8 23. Qe2 g5 24. Qc2 Nb6 25. Ne3 Qg6 26. h3 a4 27.
g4 f4 28. Nf5 b3 29. axb3 cxb3 30. Qb1 Bf8 31. Bd3 Bxf5 32. gxf5 Qh6 33. Qg1 Qxh3+ 34.
Nh2 Qxd3 35. Qxg5+ Kh8 36. Rg1 Qe4+ 37. Nf3 Bh6 38.
Qf6+ Bg7 39. Qxg7# 1-0

[Event "Early-Titled-Tuesday-Blitz-September-05-2023"]
[Site "Chess.com"]
[Date "2023.09.05"]
[Round "5"]
[White "Bilan_Danila"]
[Black "AsaHoffmann"]
[Result "1-0"]
[WhiteElo "2551"]
[BlackElo "2364"]
[TimeControl "180+1"]
[EndTime "8:54:14 PDT"]
[Termination "Bilan_Danila won by resignation"]

1. d4 Nf6 2. Nf3 d6 3. g3 c6 4.
Bg2 Bf5 5. O-O h6 6. c4 Nbd7 7. Nc3 e5 8. Re1 e4 9. Nd2 d5 10. f3 Bb4 11. fxe4 dxe4 12. Qb3 Qe7 13. a3 Bxc3 14.
bxc3 b6 15. Nf1 O-O 16. a4 c5 17. a5 Rab8 18. axb6 Nxb6 19. dxc5 Qxc5+ 20. Be3 Qxc4 21.
Qxc4 Nxc4 22. Bxa7 Rb2 23. Bd4 Nd5 24. h3 Rc8 25. g4 Bg6 26. Reb1 Rxe2 27. Ng3 Nf4 28. Nxe2 Nxe2+ 29. Kh2 Nxd4 30. cxd4 e3 31. Rc1 e2 32. Bf3 Re8 33. Kg3 Bd3 34. Re1 Nd2 35. Kf2 Nb3 36.
Ra3 Bc4 37. Bxe2 Rxe2+ 38. Rxe2 Bxe2 39. Rxb3 Bc4 40. Rb8+ Kh7 41. Ke3 Kg6 42. h4 f5 43.
Rb6+ Kf7 44. gxf5 h5 45. Kf4 Bd3 46. Kg5 Ke7 47. Rb7+ Kd6 48. Rxg7 Kd5 49. f6 Ke6 50. Re7+ Kd6 51. Re3 Bh7 52. f7 1-0

[Event "Early-Titled-Tuesday-Blitz-September-05-2023"]
[Site "Chess.com"]
[Date "2023.09.05"]
[Round "5"]
[White "Massakru"]
[Black "aranibos"]
[Result "1-0"]
[WhiteElo "2431"]
[BlackElo "2266"]
[TimeControl "180+1"]
[EndTime "8:54:14 PDT"]
[Termination "Massakru won by resignation"]

1. e4 g6 2. d4 Bg7 3. Nf3 d6 4. Nc3 a6 5. a4 Nc6 6. h3 e5 7. d5 Nce7 8. Be2 h6 9. O-O g5 10. Nd2 Ng6 11. Nc4 Nf6 12. Ne3 Nf4 13.
Bf3 h5 14. Nf5 Bxf5 15. exf5 g4 16. hxg4 hxg4 17. Bxg4 Nxg4 18. Qxg4 Qf6 19. Bxf4 exf4 20.
Rfe1+ Kf8 21. Qxf4 Rh4 22. Qf3 Qh6 23. g3 Rc4 24.
Re4 Rxe4 25. Nxe4 Bxb2 26. Rb1 Be5 27. Kg2 b6 28. Rh1 Qg7 29. f6 Qg8 30. Qf5 Ke8 31. Ng5 Kd8 32. Nxf7+ Qxf7 33. Rh8+ Qe8 34. Rxe8+ Kxe8 35.
Qe6+ Kd8 36. Qg8+ Kd7 37. Qxa8 Bxf6 38. Qxa6 Be5 39. Qb5+ 1-0

[Event "Early-Titled-Tuesday-Blitz-September-05-2023"]
[Site "Chess.com"]
[Date "2023.09.05"]
[Round "5"]
[White "chessculator16"]
[Black "Zarinur"]
[Result "0-1"]
[WhiteElo "2215"]
[BlackElo "2528"]
[TimeControl "180+1"]
[EndTime "8:54:16 PDT"]
[Termination "Zarinur won by resignation"]

1. d4 Nf6 2. c4 e6 3. Nc3 Bb4 4. Qc2 d5 5. cxd5 Qxd5 6. Nf3 Qf5 7. Qb3 a5 8. e3 Nc6 9. Bd2 O-O 10. Be2 Bd7 11. h3 Ne4 12. g4 Nxd2 13.
Kxd2 Qd5 14. Qxd5 exd5 15. a3 Bxc3+ 16. bxc3 a4 17. Rab1 Na5 18. Ne5 Be6 19. Kc2 f6 20. Nd3 Bf7 21. f3 b6 22. e4 Nc4 23. Ra1 Rfe8 24. Nf2 Nd6 25. Bd3 c5 26. dxc5 bxc5 27. exd5 Bxd5 28. Rhd1 Bxf3 29. Bxh7+ Kxh7 30. Rxd6 Re2+ 31. Rd2 Rae8 32. Nd3 Rxd2+ 33. Kxd2 Re2+ 34. Kc1 c4 35. Nc5 Re1+ 36. Kb2 Bd1 37. Rc1 Re2+ 38. Ka1 Bb3 39.
Rf1 Re3 40. Kb2 Rxh3 41. Nxb3 axb3 42. a4 Rh2+ 43. Ka3 Ra2+ 44. Kb4 b2 45. Rb1 Kg6 46.
a5 Kg5 47. Kb5 Kxg4 48. a6 f5 49. Kb6 f4 50. a7 f3 51. Kc5 f2 52. Rxb2 Rxb2 53. a8=Q f1=Q 54. Qc8+ Qf5+ 55. Qxf5+ Kxf5 56. Kxc4 Ke4 57. Kc5 g5 0-1

[Event "Early-Titled-Tuesday-Blitz-September-05-2023"]
[Site "Chess.com"]
[Date "2023.09.05"]
[Round "5"]
[White "Journey_to_GrandMaster_YT"]
[Black "francyIM"]
[Result "1-0"]
[WhiteElo "2626"]
[BlackElo "2833"]
[TimeControl "180+1"]
[EndTime "8:54:17 PDT"]
[Termination "Journey_to_GrandMaster_YT won on time"]

1. d4 Nf6 2. Nf3 e6 3. c4 d5 4. Nc3 Be7 5. Bg5 c6 6. e3 Nbd7 7. Qc2 h6 8. Bh4 O-O 9. cxd5 exd5 10. Bd3 Re8 11. O-O Ne4 12. Bxe7 Qxe7 13. Bxe4 dxe4 14. Nd2 Nf6 15. Rab1 Bf5 16. b4 Rac8 17. Nc4 Nd5 18. Qb3 Be6 19. Nxe4 Nb6 20. Ned6 Nxc4 21. Nxc8 Rxc8 22.
Qc3 Rd8 23. Rfd1 f5 24. b5 Bd5 25. bxc6 bxc6 26. Rb4 Nd6 27. f3 Re8 28. Re1 Qg5 29. Kh1 Qh4 30. Rbb1 1-0

[Event "Early-Titled-Tuesday-Blitz-September-05-2023"]
[Site "Chess.com"]
[Date "2023.09.05"]
[Round "5"]
[White "Just_Lucky_1"]
[Black "Brave_spirit12"]
[Result "1-0"]
[WhiteElo "2526"]
[BlackElo "2791"]
[TimeControl "180+1"]
[EndTime "8:54:17 PDT"]
[Termination "Just_Lucky_1 won on time"]

1. e4 e6 2. d4 d5 3. Nc3 Nf6 4. Bg5 dxe4 5. Nxe4 Be7 6. Bxf6 gxf6 7. Qd2 f5 8. Nc3 c5 9. d5 e5 10. f4 e4 11. O-O-O Bf6 12. g4 O-O 13. gxf5 Bxf5 14. Nge2 Re8 15. Rg1+ Kh8 16. Ng3 Bg4 17. Be2 Bxe2 18.
Ncxe2 Nd7 19. Nh5 Qb6 20. c3 c4 21. d6 Re6 22. f5 e3 23. Qd5 Nc5 24. fxe6 Na4 25.
b3 Nxc3 26. Nxc3 e2 27. Nxf6 Qe3+ 28. Qd2 exd1=Q+ 29. Rxd1 Qxe6 30. d7 Rd8 31. Qh6 1-0

[Event "Early-Titled-Tuesday-Blitz-September-05-2023"]
[Site "Chess.com"]
[Date "2023.09.05"]
[Round "5"]
[White "brm72"]
[Black "FeketeBarika"]
[Result "1-0"]
[WhiteElo "2558"]
[BlackElo "2379"]
[TimeControl "180+1"]
[EndTime "8:54:17 PDT"]
[Termination "brm72 won by checkmate"]

1. d4 Nf6 2. c4 e6 3. g3 d5 4. Nf3 dxc4 5. Bg2 Bb4+ 6. Bd2 c5 7. O-O O-O 8. Bxb4 cxb4 9. Qc1 Nc6 10. Qxc4 a5 11.
e3 Qd5 12. Qxd5 exd5 13. Nbd2 Bf5 14. Rfc1 Rfe8 15. Ne1 Ne4 16. Nxe4 Bxe4 17. f3 Bg6 18. Kf2 Ne7 19. g4 h5 20. h3 Nc8 21. Rc5 hxg4 22.
hxg4 Nd6 23. b3 a4 24. Rac1 axb3 25. axb3 Ra2+ 26. Kg3 Rxe3 27. Rxd5 Ne4+ 28. Kf4 Rae2 29. Nc2 Rxb3 30. Rd8+ Kh7 31. Rh1+ Bh5 32. Rxh5+ Kg6 33. fxe4 Rf2+ 34. Ke5 f6+ 35. Kd5 Rxg2 36. Rc8 Rxg4 37. Rh2 Rg5+ 38. Ke6 Rg4 39. Re2 b5 40. Rc5 Rc3 41. Nxb4 Rc4 42. Nd5 Rxd4 43. Ne7+ Kh7 44. Rh5# 1-0

[Event "Early-Titled-Tuesday-Blitz-September-05-2023"]
[Site "Chess.com"]
[Date "2023.09.05"]
[Round "5"]
[White "Manukyan_Artak"]
[Black "GAusal"]
[Result "1-0"]
[WhiteElo "2451"]
[BlackElo "2278"]
[TimeControl "180+1"]
[EndTime "8:54:17 PDT"]
[Termination "Manukyan_Artak won on time"]

1. e4 c5 2. Nf3 e6 3. c3 Nc6 4. d4 d5 5. e5 Qb6 6. a3 Nh6 7. b4 cxd4 8. cxd4 Nf5 9. Bb2 Bd7 10.
g4 Nfe7 11. Nc3 Ng6 12. Na4 Qd8 13. Nc5 Bxc5 14. dxc5 Qc7 15. Qe2 O-O 16. h4 f6 17.
exf6 e5 18. fxg7 Rf4 19. h5 Bxg4 20. hxg6 h5 21. Qd3 Bxf3 22. Rh3 Be4 23. Qg3 Rf3 24. Qg5 Rf5 25. Qh6 Qxg7 26. Rxh5 Qxh6 27. Rxh6 Raf8 28. O-O-O Rxf2 29. Bd3 Bxd3 30. Rxd3 d4 31. Rd2 Rxd2 32. Kxd2 Kg7 33. Rh7+ Kxg6 34. Rxb7 Rf2+ 35. Kc1 e4 36. Rc7 Ne5 37. Bxd4 Nd3+ 38. Kd1 Ra2 39. Rxa7 Kf5 40. c6 Ne5 41. Ra5 1-0

[Event "Early-Titled-Tuesday-Blitz-September-05-2023"]
[Site "Chess.com"]
[Date "2023.09.05"]
[Round "5"]
[White "Hoshka"]
[Black "AlphaPerseii"]
[Result "0-1"]
[WhiteElo "2044"]
[BlackElo "2389"]
[TimeControl "180+1"]
[EndTime "8:54:19 PDT"]
[Termination "AlphaPerseii won on time"]

1. d4 Nf6 2. c4 e6 3. g3 d5 4. Bg2 Bb4+ 5. Bd2 a5 6. Nf3 O-O 7. Qc2 c5 8. dxc5 Nbd7 9. cxd5 Nxd5 10. c6 bxc6 11. O-O Ba6 12. Re1 Qb6 13. Nc3 Rac8 14. Rac1 f5 15. e4 Nxc3 16. Bxc3 f4 17.
Ng5 Rce8 18. Bh3 fxg3 19. hxg3 Bc5 20. Rf1 Bxf1 21. Rxf1 Rf6 22. Bxf6 Nxf6 23. Nxe6 Bd4 24. Nxd4 Qxd4 25. Qxc6 Rxe4 26. Qc8+ Re8 27. Qc3 Qb6 0-1

[Event "Early-Titled-Tuesday-Blitz-September-05-2023"]
[Site "Chess.com"]
[Date "2023.09.05"]
[Round "5"]
[White "JoliyRoger"]
[Black "Stouuf"]
[Result "1-0"]
[WhiteElo "2492"]
[BlackElo "2614"]
[TimeControl "180+1"]
[EndTime "8:54:20 PDT"]
[Termination "JoliyRoger won by checkmate"]

1. Nf3 Nf6 2. d4 g6 3. c4 Bg7 4. Nc3 O-O 5. e4 d6 6. h3 e5 7. d5 a5 8. Bg5 h6 9. Be3 Nh5 10. Nd2 Na6 11. g3 Nc5 12. Be2 Nf6 13. g4 Nh7 14. h4 f5 15. h5 f4 16. Bxc5 dxc5 17. hxg6 Ng5 18. Nf3 Nxf3+ 19. Bxf3 Ra6 20. Qe2 Rxg6 21.
O-O-O Qd6 22. Rh5 Bd7 23. Rdh1 Kf7 24. Rf5+ Ke7 25. a3 Kd8 26. Kb1 Kc8 27. Ka2 Kb8 28. Rhh5 Ka7 29. Qc2 Bxf5 30. Nb5+ Kb6 31. Nxd6 cxd6 32.
Rxf5 Rg8 33. Qb3+ Kc7 34. Rf7+ Kd8 35. Qxb7 Ke8 36. Qe7# 1-0

[Event "Early-Titled-Tuesday-Blitz-September-05-2023"]
[Site "Chess.com"]
[Date "2023.09.05"]
[Round "5"]
[White "milovichalex"]
[Black "masterofpuppets2"]
[Result "0-1"]
[WhiteElo "2282"]
[BlackElo "2460"]
[TimeControl "180+1"]
[EndTime "8:54:20 PDT"]
[Termination "masterofpuppets2 won by resignation"]

1. e4 c5 2. Nf3 Nc6 3. d4 cxd4 4.
Nxd4 Nf6 5. Nc3 d6 6. Nxc6 bxc6 7. e5 dxe5 8. Qxd8+ Kxd8 9. Bc4 e6 10. Bg5 Kc7 11. O-O-O Nd5 12. Ne4 f6 13. Bh4 a5 14. Bg3 Ba6 15.
Bxa6 Rxa6 16. c4 Nf4 17. Bxf4 exf4 18. c5 Be7 19. Rd3 Raa8 20. Re1 Rhd8 21. Rh3 h6 22. Rc3 Rd5 23. f3 e5 24. g4 fxg3 25. hxg3 f5 26. Nf2 Bxc5 27. Nd3 Bd4 28. Rc4 Rb8 29. b3 Kd6 30. Kc2 Rdb5 31. f4 Re8 32. Rd1 Kc7 33. fxe5 Bxe5 34. Nc5 Re7 35. Nd3 Bd6 36.
Nf4 Bxf4 37. Rxf4 Rbe5 38. Rd2 g5 39. Rfd4 Re2 40. Rd7+ Rxd7 41. Rxe2 Kd6 42. Kc3 Re7 43. Rd2+ Ke5 44. Rd8 Ke4 45. Rc8 Kf3 46. Rxc6 Kxg3 47.
Rxh6 f4 0-1

[Event "Early-Titled-Tuesday-Blitz-September-05-2023"]
[Site "Chess.com"]
[Date "2023.09.05"]
[Round "5"]
[White "fastestmindalive"]
[Black "santosalberto1987"]
[Result "0-1"]
[WhiteElo "2699"]
[BlackElo "2564"]
[TimeControl "180+1"]
[EndTime "8:54:21 PDT"]
[Termination "santosalberto1987 won on time"]

1. e4 c5 2. Nc3 Nc6 3. f4 g6 4. Nf3 Bg7 5. Bb5 Nd4 6. a4 e6 7.
Nxd4 cxd4 8. Ne2 Ne7 9. d3 O-O 10. h4 d5 11. a5 a6 12. Ba4 Qxa5+ 13. Bd2 Qb6 14. h5 dxe4 15. dxe4 Qxb2 16. Rb1 Qa3 17. Bb3 Bd7 18. Ng3 Bc6 19. Qg4 Rfd8 20. hxg6 hxg6 21. Qh4 d3 22. c3 Qc5 23. f5 exf5 24. Qh7+ Kf8 25.
Bh6 Qxc3+ 26. Kf2 Ng8 27. exf5 Nxh6 28. Rxh6 Qd2+ 29. Kf1 Qxh6 30. fxg6 Qxh7 31. gxh7 Rd6 32. Kg1 Rh6 0-1

[Event "Early-Titled-Tuesday-Blitz-September-05-2023"]
[Site "Chess.com"]
[Date "2023.09.05"]
[Round "5"]
[White "Zurability"]
[Black "DeArron_Fox"]
[Result "0-1"]
[WhiteElo "2703"]
[BlackElo "2523"]
[TimeControl "180+1"]
[EndTime "8:54:23 PDT"]
[Termination "DeArron_Fox won on time"]

1. Nf3 d5 2. g3 Nf6 3. Bg2 e6 4. O-O Be7 5. c4 O-O 6. Ne5 c6 7. d4 Nbd7 8. Nc3 Nxe5 9. dxe5 Nd7 10. cxd5 cxd5 11. e4 dxe4 12. Nxe4 Nxe5 13. Be3 Bd7 14. Nd6 Bxd6 15. Qxd6 Nc4 16. Qd4 Nxe3 17. Qxe3 Bc6 18. Bxc6 bxc6 19. Rac1 Qd7 20. Rfd1 Qb7 21. Rd2 Rfd8 22.
b3 Rxd2 23. Qxd2 h6 24. Qd6 Rc8 25. Qc5 Qa6 26. Rc2 Rd8 27. Qc4 Qa5 28. Qxc6 Qe1+ 29. Kg2 Rd1 30. Kh3 Qf1+ 31. Qg2 Qd3 32. Qc6 Rg1 33. Qe8+ Kh7 0-1

[Event "Early-Titled-Tuesday-Blitz-September-05-2023"]
[Site "Chess.com"]
[Date "2023.09.05"]
[Round "5"]
[White "CraiggoryC"]
[Black "FoxOnTheRun97"]
[Result "1-0"]
[WhiteElo "2212"]
[BlackElo "2518"]
[TimeControl "180+1"]
[EndTime "8:54:23 PDT"]
[Termination "CraiggoryC won on time"]

1. e4 e6 2. d4 d5 3. e5 c5 4. c3 Nc6 5. Nf3 Qb6 6. a3 cxd4 7. cxd4 Nh6 8. Nc3 Nf5 9. Na4 Qa5+ 10. Bd2 Qc7 11.
Be3 Bd7 12. Rc1 Nxe3 13. fxe3 Qa5+ 14. Nc3 Rc8 15. Bd3 Be7 16. O-O O-O 17. Qe1 f5 18.
exf6 Bxf6 19. Qg3 a6 20. Ng5 Bxg5 21. Qxg5 Rxf1+ 22. Rxf1 Be8 23. Qf4 Bh5 24. Qh4 Bg6 25. Bxg6 hxg6 26. Qg4 Qc7 27. Qxe6+ Kh7 28. Nxd5 Qd8 29.
Nf4 Rc7 30. Qxg6+ Kg8 31. Ne6 1-0